 Dungeon Crawl Stone Soup version 0.27-a0-328-g7f782ed93a (webtiles) character file.

Game seed: 8059164105976456412

29 puppykicker the Chiller (level 3, -1/36 HPs)
             Began as a Barachi Ice Elementalist on Feb 11, 2021.
             Slain by a hobgoblin (2 damage)
             ... led by Robin
             ... on level 2 of the Dungeon.
             The game lasted 00:02:15 (482 turns).

puppykicker the Chiller (Barachi Ice Elementalist)   Turns: 482, Time: 00:02:15

Health: -1/36      AC: 21    Str: 10    XL:     3   Next: 16%
Magic:  0/7        EV:  2    Int: 15    God:
Gold:   19         SH:  0    Dex: 12    Spells: 7/8 levels left

rFire    . . .     SeeInvis .   a - +0 mace
rCold    . . .     Faith    .   (no shield)
rNeg     + + +     Spirit   .   (armour currently unavailable)
rPois    +         Reflect  .   (helmet currently unavailable)
rElec    .         Harm     .   (cloak currently unavailable)
rCorr    .         Rampage  .   (gloves currently unavailable)
Will     .....     NoTele   +   (boots currently unavailable)
Stlth    ++........             (no amulet)
HPRegen  0.12/turn              (no ring)
MPRegen  0.10/turn              (no ring)

@: tree-form (expiring)
A: +LOS, swims
a: no special abilities


You were on level 2 of the Dungeon.
You were a tree.
You visited 1 branch of the dungeon, and saw 2 of its levels.

You collected 19 gold pieces.

Inventory:

Hand Weapons
 a - a +0 mace (weapon)
Armour
 d - a +0 leather armour (melded)
Scrolls
 c - a scroll of identify {unknown}


   Skills:
 - Level 2.1 Dodging
 - Level 1.7 Stealth
 - Level 3.0 Spellcasting
 + Level 5.5 Ice Magic


You had 7 spell levels left.
You knew the following spells:

 Your Spells              Type           Power        Failure   Level
a - Freeze                Ice            72%          1%          1

Your spell library contained the following spells:

 Spells                   Type           Power        Failure   Level
 Frozen Ramparts          Ice            36%          6%          3
 Ozocubu's Armour         Ice            18%          6%          3
 Hailstorm                Conj/Ice       10%          54%         4
 Summon Ice Beast         Ice/Summ       10%          54%         4


Dungeon Overview and Level Annotations

Branches:
Dungeon (2/15)

Altars:
Okawaru


Innate Abilities, Weirdness & Mutations

You can be seen from farther away. (+LOS)
You can swim through water.
((You cover ground slowly.))
((You can hop short distances.))


Message History

The hobgoblin hits you but does no damage.
The goblin hits you but does no damage.
You barely miss the hobgoblin.
The hobgoblin no longer looks unusually strong.
The goblin hits you but does no damage.
The hobgoblin hits you but does no damage.
The goblin hits you but does no damage.
Unknown command.
Okay, then.
You thump the goblin!
You kill the goblin!
Your transformation is almost over.
You are ready to hop once more.
The goblin hits you but does no damage. The hobgoblin barely misses you. x2
You hit the goblin.
A rat comes into view.
The goblin hits you but does no damage. The hobgoblin hits you.
* * * LOW HITPOINT WARNING * * *
The hobgoblin hits you but does no damage.
The rat moves out of view.
You take 3 damage, and have 4/36 hp.
Unknown command.
You closely miss the hobgoblin. The goblin hits you but does no damage.
The hobgoblin hits you but does no damage. x3
The goblin hits you but does no damage.
Unknown command.
You barely miss the hobgoblin. The hobgoblin barely misses you.
The hobgoblin hits you but does no damage.
The goblin hits you but does no damage. The hobgoblin hits you.
* * * LOW HITPOINT WARNING * * *
You take 3 damage, and have 1/36 hp.
Unknown command.
Casting: Freeze (safe; 1% risk of failure)
Aiming: Freeze (safe; 1% risk of failure)
Press: ? - help, Shift-Dir - straight line, f - hobgoblin
Aim: a hobgoblin You freeze the hobgoblin.
* * * LOW MAGIC WARNING * * *
The hobgoblin hits you.
You die...

######### #
#.gg....#.#
#.#####.#.#.#...
#.##g♣gg........
#.##g##g#.......
#g##r##.######.#
#.##K##g#
#)).g.).#
####.#### #.#
#.# #.#


You could see a quokka, 3 hobgoblins, 3 goblins and a kobold.

Levels and vault maps discovered:
D:1:      amcnicky_arrival_double_pillar, layout_loops_ring
D:2:      layout_loops_corners, minivault_27, okawaru_gym_becter, uniq_robin,
          uniq_natasha

Notes
Turn   | Place    | Note
-------+----------+-------------------------------------------
     0 | D:1      | puppykicker the Barachi Ice Elementalist began the quest
                  | for the Orb.
     0 | D:1      | Reached XP level 1. HP: 13/13 MP: 3/3
     7 | D:1      | Identified a +0 dagger
    24 | D:1      | Identified a +0 mace (You found it on level 1 of the
                  | Dungeon)
    81 | D:1      | Identified a +0 leather armour (You found it on level 1 of
                  | the Dungeon)
   200 | D:1      | Reached skill level 5 in Ice Magic
   222 | D:1      | You fall into a shaft and drop 1 floor!
   226 | D:2      | Identified a +0 dagger
   228 | D:2      | Reached XP level 2. HP: 7/19 MP: 0/5
   427 | D:2      | Identified a +0 dagger
   428 | D:2      | Identified a +0 club
   429 | D:2      | Identified a +0 mace
   429 | D:2      | Identified a +0 animal skin
   429 | D:2      | Identified a +0 helmet
   429 | D:2      | Noticed Robin
   430 | D:2      | Found an iron altar of Okawaru.
   430 | D:2      | Identified a +0 dagger
   430 | D:2      | Identified a +0 hunting sling
   430 | D:2      | Identified a +0 club
   430 | D:2      | Identified a +0 dagger
   430 | D:2      | Identified a +0 club
   453 | D:2      | Identified a +0 club
   462 | D:2      | Identified a +0 club
   467 | D:2      | Identified a potion of lignification
   471 | D:2      | HP: 7/28 [goblin/+0 club[Robin] (4)]
   475 | D:2      | Killed Robin
   476 | D:2      | Reached skill level 3 in Spellcasting
   476 | D:2      | Reached XP level 3. HP: 6/24 MP: 0/7
   479 | D:2      | HP: 4/36 [hobgoblin[Robin] (3)]
   481 | D:2      | HP: 1/36 [hobgoblin[Robin] (3)]
   482 | D:2      | Slain by a hobgoblin

Table legend: (Time is in decaauts)
 A = Elapsed time spent in this place.
 B = Non-inter-level travel time spent in this place.
 C = Inter-level travel time spent in this place.
 D = Time resting spent in this place.
 E = Time spent auto-exploring this place.
 F = Levels seen in this place.
 G = Mean time per level.
                   A        B        C        D        E       F      G
               +--------+--------+--------+--------+--------+-----+--------+
         Total |    540 |    537 |      3 |    175 |    195 |   2 |  270.0 |
       Dungeon |    540 |    537 |      3 |    175 |    195 |   2 |  270.0 |
               +--------+--------+--------+--------+--------+-----+--------+

Top non-repeatable levels by time:
     D:2: 276 daAuts
     D:1: 263 daAuts

Table legend:
 A = Kills in this place as a percentage of kills in entire the game.
 B = Kills by you in this place as a percentage of kills by you in the entire game.
 C = Kills by friends in this place as a percentage of kills by friends in the entire game.
 D = Other kills in this place as a percentage of other kills in the entire game.
 E = Experience gained in this place as a percentage of experience gained in the entire game.
 F = Experience gained in this place divided by the number of levels of this place that you have seen.
                   A       B       C       D       E      F
               +-------+-------+-------+-------+-------+----------------------
         Total | 100.0 | 100.0 |   N/A |   N/A | 100.0 |  21.0
       Dungeon | 100.0 | 100.0 |   N/A |   N/A | 100.0 |  21.0
               +-------+-------+-------+-------+-------+----------------------

Skill      XL: |  1  2 |
---------------+-------+-----
Ice Magic      | 5 |  5.5
Spellcasting   | 3 |  3.0
Dodging        | |  2.1
Stealth        | |  1.7

Action                   || total
-------------------------++-------
Melee: Mace              ||    28
       Unarmed           ||     1
 Cast: Freeze            ||    16
 Abil: Hop               ||     2
  Use: Potion            ||     1
 Stab: Sleeping          ||     1
Armor: Leather armour    ||     6
       Robe              ||     1
       Skin              ||    35
Dodge: Dodged            ||    28

Vanquished Creatures
  Robin (D:2)
  A worm (D:2)
  2 giant cockroaches (D:1)
  7 goblins
  A hobgoblin (D:2)
  A frilled lizard (D:1)
  A rat (D:1)
14 creatures vanquished.
